 Dungeon Crawl Stone Soup version 0.17-a0-1176-g3d5a0d0 (webtiles) character file.

23 Fluffy the Slasher (level 2, 0/23 HPs)
             Began as a Demonspawn Gladiator on May 30, 2015.
             Killed by nerve-wracking pain
             ... invoked by Jessica
              (13 damage)
             ... on level 2 of the Dungeon.
             The game lasted 00:02:12 (826 turns).

Fluffy the Slasher (Demonspawn Gladiator)            Turns: 826, Time: 00:02:12

Health: 0/23       AC:  6    Str: 15    XL:     2   Next: 72%
Magic:  2/2        EV: 11    Int:  9    God:
Gold:   104        SH:  0    Dex: 13    Spells: 0 memorised, 1 level left

rFire  . . .     SeeInvis .     a - +0 long sword
rCold  . . .     Clarity  .     f - +0 ring mail
rNeg   . . .     SustAt   .     (no shield)
rPois  .         Gourm    .     c - +0 helmet
rElec  .         Spirit   .     (no cloak)
rCorr  .         Warding  .     (no gloves)
rMut   .         Stasis   .     (no boots)
MR     .....                    (no amulet)
Stlth  +.........               (no ring)
                                n - ring of wizardry

@: not resistant to hostile enchantments, very unstealthy
A: talons 1
a: no special abilities


You were on level 2 of the Dungeon.
You were not hungry.

You visited 1 branch of the dungeon, and saw 2 of its levels.

You collected 104 gold pieces.

Inventory:

Hand weapons
 a - a +0 long sword (weapon)
Missiles
 d - 3 throwing nets (quivered)
Armour
 c - a +0 helmet (worn)
 f - a +0 ring mail (worn)
Jewellery
 n - a ring of wizardry (left hand)
Scrolls
 b - 2 scrolls of teleportation {unknown}
 h - a scroll of identify {unknown}
 j - a scroll of enchant weapon {unknown}
 l - 2 scrolls of noise {unknown}
Potions
 g - 2 potions of heal wounds {unknown}
 i - a potion of degeneration {unknown}
 m - a potion of resistance {unknown}
 o - a potion of curing {unknown}
Comestibles
 e - 4 bread rations
 k - a royal jelly
 p - 3 fruits


   Skills:
 + Level 2.4 Fighting
 + Level 3.0 Long Blades
 - Level 1.7 Throwing
 + Level 1.2 Armour
 - Level 2.6 Dodging


You had one spell level left.
You didn't know any spells.

Dungeon Overview and Level Annotations

Branches:
Dungeon (2/15)

Altars:

Annotations:
D:2 Jessica


Innate Abilities, Weirdness & Mutations

You have sharp toenails.


Message History

No target in view!
You see here a club.
Jessica the Apprentice Sorceress comes into view.
Jessica shouts!
Found a scroll labeled NIRINO NOATWAIG.
Jessica is nearby!
Found 11 gold pieces.
Found a mace.
Jessica hits you.
You closely miss Jessica. Your kick misses Jessica. Jessica hits you.
Jessica hits you.
You hit Jessica. You claw Jessica, but do no damage.
Jessica is lightly wounded.
Jessica closely misses you.
You barely miss Jessica.
Jessica is lightly wounded.
Jessica points at you and mumbles some strange words.
Pain shoots through your body!
Ouch! That really hurt!
You die...

#######.#.####
..........).†#
#......##.#
#.##.####<#
##.# #.# #..#
#.# #..# #.#
#..# #.# #@.#
#.# #@.# ...
#..# #.# ....
#..?. ##$###
#) #


You could see Jessica.

Vanquished Creatures
  A giant gecko (D:2)
  3 bats
  A giant cockroach (D:1)
  2 hobgoblins (D:1)
  A ball python (D:1)
  3 giant newts (D:1)
  4 goblins (D:1)
  3 kobolds
  5 rats (D:1)
23 creatures vanquished.

Notes
Turn   | Place    | Note
--------------------------------------------------------------
     0 | D:1      | Fluffy the Demonspawn Gladiator began the quest for the Orb.
     0 | D:1      | Reached XP level 1. HP: 16/16 MP: 1/1
     2 | D:1      | Noticed an octopode
     2 | D:1      | Noticed a human
     4 | D:1      | Noticed a draconian
     4 | D:1      | Noticed a demonspawn
     6 | D:1      | Noticed a formicid
     6 | D:1      | Noticed a centaur
     8 | D:1      | Noticed an elf
     8 | D:1      | Noticed a dwarf
    10 | D:1      | Noticed a felid
    10 | D:1      | Noticed an ogre
    12 | D:1      | Noticed a troll
    12 | D:1      | Noticed a ghoul
    16 | D:1      | Noticed a gargoyle
    16 | D:1      | Noticed a minotaur
    18 | D:1      | Noticed a naga
    20 | D:1      | Noticed a demigod
    20 | D:1      | Noticed a merfolk
    22 | D:1      | Noticed a vampire
    24 | D:1      | Noticed a vine stalker
    24 | D:1      | Noticed a spriggan
    26 | D:1      | Noticed a tengu
   453 | D:1      | Gained mutation: You have sharp toenails. [demonic ancestry]
   453 | D:1      | Reached XP level 2. HP: 19/22 MP: 2/2
   511 | D:1      | Reached skill level 1 in Armour
   552 | D:1      | Reached skill level 3 in Long Blades
   820 | D:2      | Noticed Jessica
   826 | D:2      | Killed from afar by Jessica

Vault maps used:
D:1:      kb_arrival_jail, roderic_bali_sauvastika, minmay_misc_feat_plants,
          minmay_misc_feat_more_columns
D:2:      nicolae_overflow_crystal_walls, nicolae_overflow_hidden_temple,
          roderic_serpentine_path, uniq_jessica

Action                   || total
-------------------------++-------
Melee: Long sword        ||    87
